 Dungeon Crawl Stone Soup version 0.28-a0-479-g5baa6b73be (webtiles) character file.

Game seed: 12546886161801938903

3193992 Charly the Conqueror (level 27, 254/290 HPs)
             Began as an Ogre Ice Elementalist on Sept 18, 2021.
             Was an Elder of Jiyva.
             Escaped with the Orb
             ... and 5 runes!
             The game lasted 05:05:09 (70539 turns).

Charly the Conqueror (Ogre Ice Elementalist)       Turns: 70539, Time: 05:05:10

Health: 254/290    AC: 17    Str: 10    XL:     27
Magic:  40/42      EV: 27    Int: 38    God:    Jiyva [****..]
Gold:   1544       SH: 32    Dex: 22    Spells: 20/66 levels left

rFire   + + +      SeeInvis .   b - +10 demon trident "Rienn" {flame, Int+5}
rCold   . . .      Faith    .   t - +11 tower shield of the Onion {rF+ Str+4}
rNeg    + + .      Spirit   +   K - +4 faerie dragon scales {rN+ Will++ rCorr}
rPois   +          Reflect  .   z - +0 hat of the Untouchables {rPois rF+}
rElec   .          Harm     .   R - +2 cloak {rPois}
rCorr   +          Rampage  .   (gloves unavailable)
Will    +++++      Rage     1%  (boots unavailable)
Stlth   +.........              D - amulet "Goyquoc" {Spirit Dex+5}
HPRegen 0.58/turn               m - ring "Uratrass" {Contam rN+ Will+ Str+4}
MPRegen 0.28/turn               I - ring of the Hare {EV+8}

@: studying 3 skills
A: large, unfitting armour, tough skin 1, berserk 1, clumsy 1, fire resistance
1, frail 1, low mp 1, strong-willed 2, mutation resistance 1, screaming 1, noise
suppression
0: Orb of Zot
}: 5/15 runes: serpentine, barnacled, slimy, silver, abyssal
a: Renounce Religion, Request Jelly, Slimify


You escaped.
You worshipped Jiyva.
Jiyva was greatly pleased with you.
You visited 12 branches of the dungeon, and saw 58 of its levels.
You visited the Abyss 2 times.
You visited 1 bazaar.
You also visited: Ice Cave.

You collected 7461 gold pieces.
You spent 5917 gold pieces at shops.

Inventory:

Hand Weapons
 a - a +9 vampiric demon trident
 b - the +10 demon trident "Rienn" (weapon) {flame, Int+5}
   (You took it off a deep elf demonologist on level 3 of the Elven Halls)

   It burns those it strikes, dealing additional fire damage.
   Int:       It affects your intelligence (+5).
Missiles
 H - 6 throwing nets
Armour
 t - the +11 tower shield of the Onion (worn) {rF+ Str+4}
   (You acquired it on level 2 of the Depths)

   Str:       It affects your strength (+4).
   rF:        It protects you from fire.
 z - the +0 hat of the Untouchables (worn) {rPois rF+}
   (You found it on level 1 of the Crypt)

   rF:        It protects you from fire.
   rPois:     It protects you from poison.
 K - the +4 faerie dragon scales (worn) {rN+ Will++ rCorr}
   (You took it off the Enchantress on level 2 of the Depths)

   rN:        It protects you from negative energy.
   rCorr:     It protects you from acid and corrosion.
   Will:      It greatly increases your willpower.
 R - a +2 cloak of poison resistance (worn)
Jewellery
 c - the ring "Tediont" {rC+ EV+4}
   (You found it on level 1 of the Elven Halls)

   [ring of evasion]

   EV:        It affects your evasion (+4).
   rC:        It protects you from cold.
 f - a ring of protection from fire
 l - the ring of Ixekuewn {rC- AC+4 Str+4 Int+2}
   (You found it on level 1 of the Realm of Zot)

   [ring of protection]

   AC:        It affects your AC (+4).
   Str:       It affects your strength (+4).
   Int:       It affects your intelligence (+2).
   rC:        It makes you vulnerable to cold.
 m - the ring "Uratrass" (left hand) {Contam rN+ Will+ Str+4}
   (You found it on level 3 of the Crypt)

   [ring of positive energy]

   Str:       It affects your strength (+4).
   rN:        It protects you from negative energy.
   Contam:    It causes magical contamination when unequipped.
   Will:      It increases your willpower.
 D - the amulet "Goyquoc" (around neck) {Spirit Dex+5}
   (You bought it in a shop in a bazaar)

   [amulet of guardian spirit]

   It causes incoming damage to be divided between your reserves of health and
   magic.
   Dex:       It affects your dexterity (+5).
 I - the ring of the Hare (right hand) {EV+8}
   (You found it on level 1 of the Realm of Zot)

   [ring of evasion]

   EV:        It affects your evasion (+8).
 Y - the ring "Hear" {Fire Slay+3}
   (You found it on level 3 of the Elven Halls)

   [ring of fire]

   It enhances your fire magic.
   Slay:      It affects your accuracy & damage with ranged weapons and melee
   (+3).
   rF:        It protects you from fire.
   rC:        It makes you vulnerable to cold.
Wands
 k - a wand of iceblast (81)
 o - a wand of mindburst (15)
 r - a wand of acid (18)
 L - a wand of charming (27)
 P - a wand of paralysis (4)
 S - a wand of digging (22)
Scrolls
 j - 5 scrolls of blinking
 s - 2 scrolls of vulnerability
 u - 3 scrolls of fear
 w - 10 scrolls of identify
 x - 20 scrolls of teleportation
 E - 2 scrolls of silence
 F - a scroll of brand weapon
 J - 8 scrolls of immolation
 M - 5 scrolls of enchant armour
 Q - 2 scrolls of summoning
 W - 3 scrolls of fog
 X - 2 scrolls of holy word
Potions
 d - 4 potions of resistance
 e - 3 potions of berserk rage
 g - 5 potions of heal wounds
 i - 22 potions of curing
 p - 2 potions of attraction
 v - 4 potions of might
 A - a potion of invisibility
 B - 3 potions of haste
 C - 2 potions of flight
 G - 2 potions of cancellation
 T - 2 potions of magic
 U - 14 potions of ambrosia
Miscellaneous
 h - a box of beasts
 n - a phantom mirror
 y - a tin of tremorstones (2/2)
 O - a lightning rod (4/4)
 V - a condenser vane
 Z - a phial of floods


   Skills:
 O Level 27 Fighting
 - Level 14.0 Polearms
 - Level 10.0 Armour
 + Level 15.3 Dodging
 - Level 1.4 Stealth
 - Level 15.0 Shields
 + Level 20.4 Spellcasting
 - Level 6.0 Conjurations
 - Level 10.0 Hexes
 - Level 6.0 Necromancy
 - Level 3.0 Translocations
 - Level 14.0 Transmutations
 - Level 8.0 Ice Magic
 - Level 5.0 Air Magic
 - Level 14.0 Earth Magic
 + Level 18.1 Evocations


You had 20 spell levels left.
You knew the following spells:

 Your Spells              Type           Power      Damage    Failure   Level
a - Ozocubu's Armour      Ice            79%        N/A       1%          3
b - Apportation           Tloc           100%       N/A       1%          1
f - Cause Fear            Hex            43%        N/A       1%          4
l - Lesser Beckoning      Tloc           57%        N/A       1%          3
m - Sublimation of Blood  Necr           35%        N/A       1%          2
p - Passage of Golubria   Tloc           N/A        N/A       3%          4
q - Swiftness             Air            67%        N/A       1%          3
r - Frozen Ramparts       Ice            100%       1d12      1%          3
v - Borgnjor's Vile Clut  Necr/Erth      43%        N/A       1%          5
w - Wereblood             Tmut           98%        N/A       0%          2
z - Irradiate             Conj/Tmut      43%        3d28      1%          5
Q - Silence               Hex/Air        38%        N/A       1%          5
S - Statue Form           Tmut/Erth      65%        N/A       1%          6

Your spell library contained the following spells:

 Spells                   Type           Power      Damage    Failure   Level
 Sandblast                Erth           100%       2d20      0%          1
 Animate Skeleton         Necr           100%       N/A       1%          1
 Freeze                   Ice            100%       1d11      1%          1
 Magic Dart               Conj           100%       1d8       1%          1
 Shock                    Conj/Air       100%       1d9       1%          1
 Summon Small Mammal      Summ           100%       N/A       1%          1
 Searing Ray              Conj           100%       2d8       1%          2
 Slow                     Hex            86%        N/A       1%          2
 Static Discharge         Conj/Air       69%        N/A       1%          2
 Confusing Touch          Hex            86%        N/A       1%          3
 Dazzling Flash           Conj/Hex       100%       N/A       1%          3
 Gell's Gravitas          Tloc           28%        N/A       1%          3
 Ignite Poison            Fire/Tmut/Pois 65%        N/A       1%          3
 Inner Flame              Hex/Fire       67%        N/A       1%          3
 Mephitic Cloud           Conj/Pois/Air  61%        N/A       1%          3
 Portal Projectile        Hex/Tloc       100%       N/A       1%          3
 Stone Arrow              Conj/Erth      100%       3d13      1%          3
 Teleport Other           Tloc           57%        N/A       1%          3
 Animate Armour           Summ/Erth      100%       N/A       1%          4
 Fulminant Prism          Conj/Hex       39%        3d18      1%          4
 Hailstorm                Conj/Ice       75%        3d15      1%          4
 Ice Form                 Ice/Tmut       89%        N/A       1%          4
 Iskenderun's Mystic Bla  Conj/Tloc      64%        2d13      1%          4
 Petrify                  Tmut/Erth      98%        N/A       1%          4
 Alistair's Intoxication  Tmut/Pois      50%        N/A       1%          5
 Blade Hands              Tmut           49%        N/A       1%          5
 Freezing Cloud           Conj/Ice/Air   36%        6-21      1%          5
 Metabolic Englaciation   Hex/Ice        41%        N/A       1%          5
 Yara's Violent Unravell  Hex/Tmut       46%        3d18      1%          5
 Agony                    Necr           71%        N/A       2%          5
 Excruciating Wounds      Necr           35%        N/A       2%          5
 Iskenderun's Battlesphe  Conj           71%        2d12      2%          5
 Dragon Form              Tmut           49%        N/A       2%          7
 Lightning Bolt           Conj/Air       34%        1d52      3%          5
 Summon Mana Viper        Hex/Summ       67%        N/A       3%          5
 Fireball                 Conj/Fire      28%        3d12      9%          5
 Eringya's Noxious Bog    Tmut/Pois      37%        N/A       9%          6
 Simulacrum               Ice/Necr       37%        N/A       9%          6
 Olgreb's Toxic Radiance  Pois           38%        N/A       10%         4
 Summon Forest            Summ/Tloc      25%        N/A       16%         5
 Conjure Ball Lightning   Conj/Air       34%        3x3d11    16%         6
 Ozocubu's Refrigeration  Ice            39%        4d12      32%         7
 Starburst                Conj/Fire      28%        6d9       41%         6
 Orb of Destruction       Conj           35%        9d13      58%         7
 Discord                  Hex            43%        N/A       73%         8
 Lehudib's Crystal Spear  Conj/Erth      43%        10d10     73%         8
 Summon Cactus Giant      Summ           19%        N/A       83%         6
 Ignition                 Fire           19%        3d7       100%        8
 Maxwell's Capacitive Co  Air            33%        ∞         100%        8
 Chain Lightning          Conj/Air       34%        3d46      100%        9
 Dragon's Call            Summ           19%        N/A       100%        9


Dungeon Overview and Level Annotations

Branches:
Dungeon (15/15)            Temple (1/1) D:7            Lair (6/6) D:10
 Shoals (4/4) Lair:3        Snake (4/4) Lair:3        Slime (5/5) Lair:5
    Orc (2/2) D:9             Elf (3/3) Orc:2        Vaults (5/5) D:14
  Crypt (3/3) Vaults:3       Tomb (0/3) Crypt:3      Depths (5/5) D:15
    Zot (5/5) Depths:5      IceCv (visited)

Altars:
Ashenzari
Cheibriados
Dithmenos
Elyvilon
Fedhas
Gozag
Hepliaklqana
Kikubaaqudgha
Makhleb
Nemelex Xobeh
Okawaru
Qazlal
Ru
Sif Muna
Trog
Uskayaw
Vehumet
Wu Jian
Xom
Yredelemnul
Zin
The Shining One
Jiyva

Shops:
D:2 *   D:14 *   Orc:1 =   Orc:2 =*(**   Shoals:2 (   Shoals:3 *   Shoals:4 !
Vaults:2 ?   Vaults:3 =   Zot:2 *   Depths:2 =   Depths:3 ?   Depths:5 [[

Portals:
Hell: Depths:1 Depths:2 Depths:3 Depths:4 Depths:5
Abyss: Depths:1 Depths:4 Depths:5
Pandemonium: Depths:2 Depths:3 Depths:4
Ziggurat: Depths:4
Trove: D:11 (give 8 scrolls of fog)

Annotations:
Snake:3 Wukum's ghost, journeyman MiFi
Slime:5 Royal Jelly
Depths:4 exclusion: 2 obsidian statues


Innate Abilities, Weirdness & Mutations

You are too large for most types of armour.
You have tough skin. (AC +1)
You tend to lose your temper in combat.
You are clumsy. (Dex -2)
Your flesh is heat resistant. (rF+)
You are frail. (-10% HP)
Your magical capacity is low. (-10% MP)
You are highly strong-willed. (Will++)
You are somewhat resistant to further mutation.
You occasionally shout uncontrollably at your foes.
You passively dampen the noise of your surroundings.


Message History

The Executioner hits you but does no damage.
You block the Executioner's attack.
You hit the Executioner. You burn the Executioner.
The Executioner is severely wounded.
You block the Executioner's attack. x2; The Executioner barely misses you.
You block the Executioner's attack.
The Executioner hits you but does no damage.
You block the Executioner's attack.
You hit the Executioner. You burn the Executioner.
The Executioner is almost dead.
You block the Executioner's attack. The Executioner completely misses you.
The Executioner hits you but does no damage.
You block the Executioner's attack. The Executioner closely misses you.
The Executioner hits you.
You miss the Executioner.
The Executioner is almost dead.
You block the Executioner's attack. x2; The Executioner barely misses you.
You hit the Executioner.
The Executioner is almost dead.
You block the Executioner's attack.
The Executioner hits you but does no damage.
The Executioner completely misses you. You block the Executioner's attack. x2
The Executioner hits you.
You barely miss the Executioner.
The Executioner is almost dead.
You block the Executioner's attack. x4; The Executioner hits you!
The Executioner barely misses you.
You miss the Executioner.
The Executioner is almost dead.
You block the Executioner's attack. x2; The Executioner closely misses you.
The Executioner hits you but does no damage.
You block the Executioner's attack. The Executioner closely misses you.
You puncture the Executioner! You burn the Executioner.
You kill the Executioner!
There is a staircase leading out of the dungeon here.
Drop what? 50/52 slots (_ for help) (? for menu, Esc to quit)
Okay, then.
Drop what? 50/52 slots (_ for help) (? for menu, Esc to quit)
Okay, then.
You have escaped!

#.# #.##.# #.# ###.##.# #.#
#......# #.# #.#.#### #.#
#.######## ####### #.#
#........####.....###### #†#
#...♣♣.###.............### #.#
#...♣♣.#...#.............. #.#
#......#.@.#......####.###
#.###......#...#.♣♣........#
#............###.♣♣...####.###
#####.....####........# #...#
######################...#
#..#.#..............
##.#.###########..## #..#.##
#..####..##
##.###.###..........


There were no monsters in sight!

Vanquished Creatures
  6 dread liches
  6 orbs of fire
  Mara (Crypt:2)
  2 ancient liches
  The ghost of Gamelir the Formicid Arbalest, a legendary FoAM of Hepliaklqana (Zot:2)
  3 Killer Klowns (Zot:5)
  Bai Suzhen (Vaults:3)
  Margery (Depths:3)
  Saint Roka (Depths:5)
  The ghost of Amamary the Conqueror, an adept HOFi of Okawaru (Elf:2)
  4 curse toes
  10 golden dragons
  2 profane servitors (Crypt:3)
  Jory (Crypt:3)
  the Enchantress (Depths:2)
  2 bone dragons
  3 electric golems
  20 tentacled monstrosities
  The ghost of Fiutitsu the Scorcher, an adept OpCj of Vehumet (Elf:2)
  3 liches
  4 deep elf blademasters
  7 titans
  11 quicksilver dragons
  3 deep elf master archers (Elf:3)
  27 Orb Guardians
  The ghost of Riorrem the Thaumaturge, an adept DrCj of Vehumet (Elf:2)
  5 sphinxes
  The ghost of Kaxoaf the Severer, an adept HOFi of Beogh (Elf:2)
  An Executioner (D:1)
  The ghost of Qomixt the Thaumaturge, an adept DrCj of Sif Muna (Elf:2)
  2 ancient champions (Crypt:2)
  4 death cobs
  A tentacled starspawn (Abyss:2)
  6 tengu reavers
  13 shadow dragons
  20 storm dragons
  Roxanne (Elf:2)
  6 nagarajas (Snake:4)
  Donald (Shoals:1)
  5 draconian monks
  5 frost giants
  A revenant (Crypt:1)
  8 fire giants
  3 iron dragons
  2 curse skulls (Crypt:3)
  Aizul (Snake:1)
  7 draconian shifters
  8 deep elf sorcerers
  The ghost of Zuferhat the Scorcher, an adept DEEE of Vehumet (Elf:2)
  4 draconian knights
  10 draconian scorchers
  2 ghost moths (Zot:1)
  11 vault wardens
  An orc warlord (Vaults:2)
  4 draconian stormcallers
  3 cacodemons (Zot:1)
  4 spriggan defenders (Depths:2)
  9 deep elf elementalists
  13 ghouls
  19 ironbound preservers
  12 war gargoyles
  6 draconian annihilators
  4 vampire knights
  14 stone giants
  9 black draconians
  24 very ugly things
  2 lorocyprocas
  10 green draconians
  15 yellow draconians
  6 deep elf demonologists
  7 spark wasps
  7 deep elf annihilators
  4 dire elephants
  11 red draconians
  10 white draconians
  10 purple draconians
  3 entropy weavers
  7 merfolk javelineers
  10 eidola
  11 jiangshi
  16 ettins
  8 merfolk impalers
  12 deep elf death magi
  An ettin (shapeshifter) (Depths:4)
  Josephine (D:15)
  A mummy priest (Crypt:3)
  An iron golem (Depths:4)
  2 fire dragons
  12 yaktaur captains
  7 deep elf high priests
  6 ironbound thunderhulks
  7 hydras
  3 peacekeepers
  5 ice dragons
  3 salamander tyrants (Snake:4)
  7 boulder beetles
  34 vault guards
  8 ironbound frosthearts
  2 catoblepae
  11 centaur warriors
  2 spriggan air magi (Depths:2)
  6 rakshasas
  3 ogre magi
  4 death knights
  9 naga warriors
  9 anacondas
  3 merfolk avatars
  35 dancing weapons
  3 alligator snapping turtles
  2 satyrs (Shoals:4)
  A titan zombie (Crypt:3)
  5 deep troll shamans
  5 two-headed ogres
  5 merfolk aquamancers
  7 vampire magi
  6 deep troll earth magi
  6 tengu warriors
  The ghost of Protee the Nimble, a novice DjIE of Uskayaw (Lair:1)
  4 orc high priests (Orc:2)
  4 ironbound beastmasters
  10 naga sharpshooters
  7 death yaks
  2 thrashing horrors (Abyss:3)
  3 shock serpents
  2 spriggan berserkers (Depths:2)
  A soul eater (Crypt:1)
  22 deep elf knights
  6 hell knights
  Sonja (D:13)
  A spectral salamander (Snake:3)
  Nergalle (Lair:4)
  A wretched star (Abyss:2)
  8 iron trolls
  A salamander mystic (Snake:4)
  12 skeletal warriors
  12 flayed ghosts
  2 goliath frogs (Lair:6)
  57 deep trolls
  16 sea snakes
  A gelid demonspawn (Depths:2)
  A bunyip zombie (Crypt:3)
  3 obsidian statues
  An anaconda zombie (Crypt:2)
  A shadow demon (Depths:1)
  3 bog bodies
  8 naga ritualists
  10 deep elf archers
  A lindwurm (shapeshifter) (Vaults:5)
  20 phantasmal warriors
  A kraken simulacrum (Shoals:4)
  8 wizards
  7 lindwurms
  2 necromancers
  13 ironbound convokers
  6 orc knights
  27 deep elf zephyrmancers
  31 deep elf pyromancers
  14 mana vipers
  28 harpies
  4 orc sorcerers
  5 salamanders
  8 cyclopes
  4 wolf spiders
  A goliath frog skeleton (Crypt:1)
  3 shadow dragon skeletons
  6 fauns
  46 ugly things
  3 water nymphs (Shoals:3)
  17 manticores
  13 merfolk sirens
  34 moths of wrath
  9 elephants
  13 vault sentinels
  A fire giant skeleton (Vaults:1)
  7 guardian serpents
  2 spriggan zombies (Crypt:3)
  40 black mambas
  An apocalypse crab (Abyss:3)
  A white draconian zombie (Crypt:2)
  23 naga magi
  An ice statue (Abyss:3)
  2 molten gargoyles (Depths:4)
  2 dire elephant zombies (Crypt:3)
  22 cane toads
  4 smoke demons
  An alligator snapping turtle zombie (Abyss:2)
  2 gargoyles
  A torpor snail (Lair:6)
  A death yak zombie (Crypt:1)
  5 rime drakes
  2 efreet (D:15)
  5 entropy weaver simulacra (IceCv)
  12 komodo dragons
  29 yaktaurs
  A demonic crawler (Abyss:2)
  5 starcursed masses (Abyss:2)
  7 freezing wraiths
  2 anaconda simulacra (IceCv)
  2 tormentors
  A golden dragon simulacrum (IceCv)
  A merfolk (shapeshifter) (Depths:4)
  An ancient zyme (Abyss:3)
  2 guardian mummies (Crypt:3)
  2 harpy zombies (Crypt:3)
  7 ice devils
  A silent spectre (Abyss:3)
  5 trolls
  35 merfolk
  3 jumping spiders
  A hornet (D:8)
  3 meliai (D:12)
  A queen bee (D:12)
  A troll (shapeshifter) (D:15)
  A death drake zombie (Crypt:1)
  2 polar bears
  3 wind drakes
  A wolf spider simulacrum (D:15)
  2 hydra zombies (Crypt:3)
  11 snapping turtles
  2 tyrant leeches (Lair:6)
  12 raiju
  14 blink frogs
  8 dream sheep
  A centaur simulacrum (D:14)
  6 shadows
  7 air elementals
  An ettin skeleton (Abyss:3)
  11 redbacks
  A dire elephant simulacrum (IceCv)
  2 vampires
  2 spriggans (Depths:2)
  33 water elementals
  21 yaks
  18 wraiths
  A ynoxinul (Abyss:3)
  9 spriggan simulacra (IceCv)
  5 wyverns
  A fire bat (shapeshifter) (Vaults:5)
  4 large abominations
  3 basilisks
  5 minotaur simulacra (IceCv)
  7 fire elementals
  2 neqoxecs
  13 vampire mosquitoes
  A chaos spawn (Depths:2)
  2 harpy simulacra (IceCv)
  7 wargs
  56 nagas
  14 water moccasins
  A hydra simulacrum (IceCv)
  A water nymph skeleton (Crypt:2)
  An acid dragon (D:10)
  3 spectral nagas (Snake:3)
  A two-headed ogre skeleton (Crypt:2)
  30 orc warriors
  A sky beast (D:7)
  3 ettin simulacra (IceCv)
  A black bear (D:7)
  2 alligator simulacra (IceCv)
  A black mamba simulacrum (Snake:3)
  A boggart (Vaults:1)
  7 ogres
  7 wolves (Lair:6)
  16 necrophages
  2 centaurs
  A phantom (Crypt:3)
  5 small abominations
  A kobold brigand (D:6)
  16 bullfrogs
  17 earth elementals
  2 scorpions
  3 salamander simulacra (Snake:3)
  4 deep troll simulacra (IceCv)
  11 wyvern skeletons (Crypt:3)
  2 wyvern zombies (D:4)
  A water moccasin zombie (D:6)
  2 water moccasin skeletons (D:5)
  A troll zombie (D:9)
  20 killer bees (D:12)
  17 wights
  5 howler monkeys
  11 electric eels
  A bullfrog zombie (Crypt:1)
  11 centaur zombies
  2 human zombies
  24 orc priests
  8 jellies
  An iron imp (Abyss:2)
  Jessica (D:2)
  An iguana (D:5)
  Terence (D:3)
  28 orc wizards
  2 naga simulacra (Snake:3)
  8 ogre zombies
  4 mummies
  3 howler monkey zombies
  4 gnolls (D:4)
  A howler monkey skeleton (D:7)
  A steam dragon zombie (Crypt:2)
  3 adders
  2 shadow imps
  A halfling zombie (Crypt:1)
  An adder skeleton (Crypt:2)
  55 orcs
  6 bats
  5 endoplasms
  4 giant cockroaches
  3 goblins
  2 hobgoblins
  4 jackals (D:4)
  16 kobolds
  5 quokkas
  8 ball pythons
  7 frilled lizards
  A gnoll skeleton (Crypt:1)
  A goblin skeleton (D:9)
  2 goblin zombies (D:9)
  2 hobgoblin zombies (D:9)
  4 orc skeletons (D:9)
  16 orc zombies (D:9)
  A quokka zombie (Crypt:1)
  5 rats
  A starspawn tentacle (Abyss:2)
2259 creatures vanquished.

Vanquished Creatures (collateral kills)
  The ghost of Nuiffe Xitzo the Geomancer, a journeyman DrEE of Cheibriados (Elf:2)
  A merfolk impaler (Shoals:3)
  A necromancer (Depths:3)
  A black mamba (Snake:3)
  2 raiju (Abyss:3)
6 creatures vanquished.

Vanquished Creatures (others)
  An acid blob (shapeshifter) (Depths:4)
  An azure jelly (Zot:1)
  A fenstrider witch (shapeshifter) (Depths:4)
  A fire giant (Depths:2)
  A nagaraja (Snake:4)
  A vault warden (Vaults:3)
  A quicksilver ooze (shapeshifter) (Depths:4)
  An ironbound preserver (Vaults:4)
  A spark wasp (shapeshifter) (Vaults:5)
  2 deep elf death magi (Elf:3)
  11 great orbs of eyes
  A fire dragon (Depths:1)
  2 yaktaur captains
  2 rakshasas (D:15)
  A centaur warrior (D:15)
  2 dancing weapons (Depths:4)
  2 naga sharpshooters (Snake:3)
  A thrashing horror (Abyss:2)
  A skeletal warrior (Crypt:3)
  A shadow wraith (Crypt:2)
  An iron troll (shapeshifter) (Depths:4)
  A deep troll (shapeshifter) (Depths:4)
  A sea snake (Shoals:4)
  8 glowing orange brains
  A glowing orange brain (shapeshifter) (Depths:4)
  4 ironbound convokers
  4 wizards
  2 necromancers
  A mana viper (shapeshifter) (Depths:4)
  3 deep elf pyromancers
  A fire giant zombie (Vaults:1)
  5 ugly things
  3 deep elf zephyrmancers
  2 merfolk sirens
  A guardian serpent (shapeshifter) (D:15)
  A naga mage (Snake:4)
  2 eyes of devastation (shapeshifter)
  3 vault sentinels
  A cane toad (Lair:5)
  A kobold demonologist (Depths:1)
  2 tengu conjurers
  A komodo dragon (shapeshifter) (Depths:4)
  6 yaktaurs
  A rime drake (shapeshifter) (Vaults:5)
  2 merfolk (Shoals:3)
  20 slime creatures
  2 jumping spiders
  A large abomination (Abyss:2)
  3 raiju (Depths:4)
  A blink frog (Lair:6)
  2 water elementals
  A tarantella (shapeshifter) (Depths:4)
  A yak (Lair:5)
  2 fire elementals (Depths:4)
  2 nagas (Snake:4)
  An acid dragon (D:11)
  A floating eye (Abyss:3)
  2 orc warriors
  A necrophage (Crypt:3)
  A human zombie (Vaults:1)
  2 ogres
  5 boggarts
  590 jellies
  6 orc priests
  A human skeleton (Crypt:1)
  2 orc wizards
  4 orcs
  4 kobolds (D:14)
  14 ball lightnings (Depths:4)
  3 bushes
  70 fungi
  A lurking horror (Abyss:3)
  431 plants
  A starspawn tentacle (Abyss:2)
  2 tentacles (Shoals:4)
  12 toadstools (Lair:5)
  42 withered plants (Crypt:3)
1324 creatures vanquished.

Grand Total: 3589 creatures vanquished

Notes
Turn   | Place    | Note
-------+----------+-------------------------------------------
     0 | D:1      | Charly the Ogre Ice Elementalist began the quest for the
                  | Orb.
     0 | D:1      | Reached XP level 1. HP: 16/16 MP: 3/3
    92 | D:1      | Reached skill level 1 in Fighting
   231 | D:1      | Reached skill level 2 in Fighting
   293 | D:1      | Reached XP level 2. HP: 28/28 MP: 5/5
   605 | D:1      | Reached skill level 3 in Fighting
   930 | D:2      | Noticed Jessica
   942 | D:2      | Reached XP level 3. HP: 37/37 MP: 3/6
  1057 | D:1      | Learned a level 3 spell: Frozen Ramparts
  1085 | D:2      | Killed Jessica
  1086 | D:2      | Reached skill level 4 in Fighting
  1350 | D:2      | Found Utoig's Assorted Antiques.
  1356 | D:2      | Bought a scroll labelled ZOIM NEHUE for 22 gold pieces
  1356 | D:2      | Bought a bubbling blue potion for 19 gold pieces
  1356 | D:2      | Bought a scroll labelled ZOIM NEHUE for 22 gold pieces
  1405 | D:2      | Reached XP level 4. HP: 49/49 MP: 3/7
  1670 | D:3      | Found a faded altar of an unknown god.
  1683 | D:3      | Reached skill level 5 in Fighting
  2240 | D:3      | Noticed Terence
  2245 | D:3      | Killed Terence
  2389 | D:2      | Bought 2 sapphire potions for 39 gold pieces
  2429 | D:4      | Found a snail-covered altar of Cheibriados.
  2443 | D:4      | Reached XP level 5. HP: 56/57 MP: 3/9
  2450 | D:4      | Learned a level 3 spell: Ozocubu's Armour
  3267 | D:4      | Found a glowing silver altar of Zin.
  3357 | D:4      | Reached XP level 6. HP: 50/66 MP: 2/12
  3778 | D:5      | Entered Level 5 of the Dungeon
  3814 | D:5      | waste might
  4440 | D:2      | Bought 2 scrolls of identify for 88 gold pieces
  4569 | D:5      | Identified the ring of Xafoecaecw {Fly rPois Str+3}
  4577 | D:5      | Reached skill level 5 in Ice Magic
  4621 | D:5      | Reached skill level 5 in Spellcasting
  4855 | D:5      | Reached XP level 7. HP: 72/72 MP: 5/14
  5101 | D:6      | Noticed a two-headed ogre
  5606 | D:6      | Killed a two-headed ogre
  5607 | D:6      | Reached XP level 8. HP: 70/80 MP: 9/17
  6136 | D:7      | Reached XP level 9. HP: 88/88 MP: 12/18
  6204 | D:7      | Found a staircase to the Ecumenical Temple.
  6228 | Temple   | Entered the Ecumenical Temple
  7029 | D:7      | Found a sparkling altar of Nemelex Xobeh.
  7459 | D:7      | Reached skill level 5 in Evocations
  7505 | D:7      | Found a radiant altar of Vehumet.
  7873 | D:8      | Reached skill level 1 in Polearms
  8393 | D:8      | Identified the +0 leather armour of Untold Secrets {Int+4}
  8433 | D:8      | Noticed a hornet
  8443 | D:8      | Killed a hornet
  8444 | D:8      | Reached skill level 6 in Fighting
  8668 | D:8      | Noticed a two-headed ogre
  8842 | D:8      | Found a burning altar of Makhleb.
  9068 | D:8      | Killed a two-headed ogre
  9069 | D:8      | Reached skill level 7 in Fighting
  9069 | D:8      | Reached skill level 5 in Polearms
  9069 | D:8      | Reached XP level 10. HP: 102/102 MP: 13/20
  9235 | D:9      | Found a staircase to the Orcish Mines.
  9890 | D:9      | Identified the +4 war axe "Backscratcher" {speed, Dex+4}
  9984 | D:9      | Found a shimmering altar of Xom.
  9988 | D:9      | Noticed a centaur warrior
 10009 | D:9      | Killed a centaur warrior
 10010 | D:9      | Reached skill level 8 in Fighting
 10433 | D:9      | Found an ancient bone altar of Kikubaaqudgha.
 10461 | D:9      | Found a shadowy altar of Dithmenos.
 10739 | D:9      | Reached skill level 9 in Fighting
 10818 | D:9      | Found a shimmering blue altar of Sif Muna.
 11101 | D:10     | Entered Level 10 of the Dungeon
 11199 | D:10     | Found a basalt altar of Yredelemnul.
 11271 | D:10     | Reached XP level 11. HP: 84/104 MP: 19/21
 11340 | D:10     | Found a sacrificial altar of Ru.
 11494 | D:10     | Noticed a purple ugly thing
 11508 | D:10     | Killed a purple ugly thing
 11573 | D:10     | Noticed an ogre mage
 11604 | D:10     | Killed an ogre mage
 11668 | D:10     | Noticed a cyclops
 11680 | D:10     | Killed a cyclops
 11681 | D:10     | Reached skill level 10 in Fighting
 11734 | D:10     | Noticed a manticore
 11751 | D:10     | Killed a manticore
 11993 | D:10     | Reached skill level 10 in Polearms
 12091 | D:10     | Found a staircase to the Lair.
 12728 | D:11     | Found a portal to a secret trove of treasure.
 12756 | D:11     | Noticed an eight-headed hydra
 13114 | D:11     | Noticed a boulder beetle
 13135 | D:11     | Killed a boulder beetle
 13136 | D:11     | Reached skill level 11 in Fighting
 13321 | D:11     | Noticed a two-headed ogre
 13346 | D:11     | Killed a two-headed ogre
 13559 | D:11     | Noticed a boulder beetle
 13581 | D:11     | Killed a boulder beetle
 13582 | D:11     | Reached XP level 12. HP: 65/130 MP: 14/22
 14507 | Lair:1   | Entered Level 1 of the Lair of Beasts
 14818 | Lair:1   | Noticed Protee's ghost (novice DjIE)
 14823 | Lair:1   | Found a runed translucent door.
 15624 | Lair:2   | Reached skill level 12 in Fighting
 17039 | Lair:3   | Found a staircase to the Shoals.
 17392 | Lair:3   | Reached skill level 13 in Fighting
 17605 | Lair:3   | Found a staircase to the Snake Pit.
 17813 | Lair:3   | Reached XP level 13. HP: 123/144 MP: 17/23
 18432 | Lair:4   | Noticed Nergalle
 18439 | Lair:4   | Killed Nergalle
 18530 | Lair:4   | Reached skill level 1 in Armour
 18826 | Lair:4   | Identified the +6 scale mail "Biovit" {rC+ rN+ Will+}
 19381 | Lair:5   | Found a staircase to the Slime Pits.
 19382 | Lair:5   | Found a viscous altar of Jiyva.
 19392 | Lair:5   | Became a worshipper of Jiyva Juafuot the Shapeless
 20017 | Lair:5   | Found a runed translucent door.
 20279 | Lair:6   | Entered Level 6 of the Lair of Beasts
 20433 | Lair:5   | Reached skill level 14 in Fighting
 20532 | Lair:6   | Reached * piety under Jiyva
 20677 | Lair:6   | Reached XP level 14. HP: 76/157 MP: 13/24
 20717 | Lair:6   | Reached skill level 5 in Armour
 20839 | Lair:6   | Reached skill level 15 in Fighting
 21264 | Lair:6   | Identified the +1 plate armour of Hedge Wizardry {Int+5}
 22474 | D:12     | Reached ** piety under Jiyva
 22906 | D:12     | Reached skill level 16 in Fighting
 22936 | D:12     | Reached skill level 10 in Evocations
 23478 | D:12     | Learned a level 6 spell: Statue Form
 23617 | D:13     | Noticed Sonja
 23623 | D:13     | Killed Sonja
 23747 | D:13     | Reached *** piety under Jiyva
 23787 | D:13     | Gained mutation: You passively map a small area around you.
                  | [Jiyva's grace]
 24341 | D:13     | Reached XP level 15. HP: 167/170 MP: 18/25
 24488 | D:14     | You are sucked into a shaft and drop 1 floor!
 24488 | D:15     | Entered Level 15 of the Dungeon
 24763 | D:14     | Reached **** piety under Jiyva
 24785 | D:14     | Gained mutation: You are robust. (+10% HP) [Jiyva's grace]
 24855 | D:14     | Found Dammis's General Store.
 24863 | D:14     | Bought a scroll of magic mapping for 56 gold pieces
 24863 | D:14     | Bought a scroll of identify for 32 gold pieces
 25219 | D:14     | Found a gate to the Vaults.
 25378 | D:14     | Gained mutation: You are strong-willed. (Will+) [Jiyva's
                  | grace]
 25701 | D:15     | Reached skill level 17 in Fighting
 25801 | D:15     | Reached skill level 5 in Dodging
 26036 | D:15     | Reached ***** piety under Jiyva
 26040 | D:15     | Gained mutation: You have a pair of small horns on your
                  | head. [Jiyva's grace]
 26107 | D:15     | Got Sif Muna's Volume of the Birds and Envenoming
 26187 | D:15     | Gained mutation: You expend magic power (3 MP) to
                  | strengthen your wands. [Jiyva's grace]
 26302 | D:15     | Noticed Josephine
 26312 | D:15     | Killed Josephine
 26461 | D:15     | Found a staircase to the Depths.
 26474 | D:15     | Reached skill level 1 in Shields
 27212 | Orc:1    | Entered Level 1 of the Orcish Mines
 27302 | Orc:1    | Found Kyrurink's Jewellery Shop.
 27462 | Orc:1    | Gained mutation: Armour fits poorly on your pseudopods.
                  | [Jiyva's grace]
 27475 | Orc:1    | Reached skill level 18 in Fighting
 27577 | Orc:2    | Entered Level 2 of the Orcish Mines
 27962 | Orc:2    | Found Noett's General Store.
 28065 | Orc:2    | Found a staircase to the Elven Halls.
 28082 | Orc:2    | Reached ****** piety under Jiyva
 28109 | Orc:2    | Gained mutation: You are dopey. (Int -2) [Jiyva's grace]
 28167 | Orc:2    | Lost mutation: You passively map a small area around you.
                  | [Jiyva's grace]
 28193 | Orc:2    | Reached XP level 16. HP: 75/190 MP: 15/26
 28276 | Orc:2    | Lost mutation: You are dopey. (Int -2) [Jiyva's grace]
 28317 | Orc:2    | Found Zihuimee's Assorted Antiques.
 28317 | Orc:2    | Found Apaiwu's General Store.
 28320 | Orc:2    | Found Gotymm's Antique Weapon Boutique.
 28320 | Orc:2    | Found Dauno's Jewellery Shop.
 28343 | Orc:2    | Bought a potion of might for 64 gold pieces
 28343 | Orc:2    | Bought a scroll of identify for 32 gold pieces
 28344 | Orc:2    | Bought a scroll labelled ILECVO JUE for 18 gold pieces
 28344 | Orc:2    | Bought a scroll labelled SIFEDGH GO GIA for 18 gold pieces
 28344 | Orc:2    | Bought a scroll labelled ANOMIS CYIRACOD for 18 gold pieces
 28344 | Orc:2    | Bought a scroll of identify for 36 gold pieces
 28344 | Orc:2    | Bought a scroll of teleportation for 54 gold pieces
 28344 | Orc:2    | Bought a scroll of identify for 36 gold pieces
 28344 | Orc:2    | Bought a potion of haste for 180 gold pieces
 28344 | Orc:2    | Bought a scroll of teleportation for 54 gold pieces
 28382 | Orc:2    | Gained mutation: You are partially covered in iridescent
                  | scales. (AC +2) [Jiyva's grace]
 28385 | Orc:2    | Bought a scroll of teleportation for 51 gold pieces
 28385 | Orc:2    | Bought a scroll of teleportation for 51 gold pieces
 28385 | Orc:2    | Bought a potion of might for 68 gold pieces
 28662 | Orc:2    | Bought an embroidered robe for 66 gold pieces
 28683 | Orc:2    | Lost mutation: Armour fits poorly on your pseudopods.
                  | [potion of mutation]
 28683 | Orc:2    | Lost mutation: You expend magic power (3 MP) to strengthen
                  | your wands. [potion of mutation]
 28683 | Orc:2    | Gained mutation: Your mind is acute. (Int +2) [potion of
                  | mutation]
 28683 | Orc:2    | Gained mutation: Your flesh is cold resistant. (rC+)
                  | [potion of mutation]
 28686 | Orc:2    | Identified 2 scrolls of acquirement
 28686 | Orc:2    | Acquired the +1 hat of Felituc {rElec}
 28694 | Orc:2    | Acquired 1023 gold pieces
 28958 | Snake:1  | Entered Level 1 of the Snake Pit
 28958 | Snake:1  | Noticed Aizul
 28998 | Snake:1  | Killed Aizul
 29355 | Snake:1  | Reached skill level 5 in Shields
 29527 | Snake:1  | Lost mutation: You are strong-willed. (Will+) [Jiyva's
                  | grace]
 30077 | Snake:2  | Gained mutation: You are covered in slimy tendrils that may
                  | disarm your opponents. [Jiyva's grace]
 30162 | Snake:2  | Reached skill level 19 in Fighting
 31647 | Snake:2  | Acquired 557 gold pieces
 31690 | Snake:3  | Found a frozen archway.
 31699 | IceCv    | Entered an ice cave
 31803 | IceCv    | Gained mutation: You have hidden genetic potential.
                  | [Jiyva's grace]
 32142 | IceCv    | Noticed an Ice Fiend
 32499 | IceCv    | Reached skill level 20 in Fighting
 32520 | IceCv    | Found the +0 pair of fencer's gloves {Riposte Dex+3}
 32531 | IceCv    | Identified the +2 robe of the Hanged Man {*Corrode rF-
                  | Str+8 Int+6}
 33151 | Snake:3  | Reached XP level 17. HP: 215/221 MP: 24/27
 33388 | Snake:3  | Found a runed translucent gate.
 33388 | Snake:3  | Found a runed translucent gate.
 33388 | Snake:3  | Found a runed translucent gate.
 33388 | Snake:3  | Noticed Wukum's ghost (journeyman MiFi)
 33554 | Snake:3  | Noticed Vashnia
 33556 | Snake:3  | Gained mutation: Your translucent skin slightly reduces
                  | your foes' accuracy. (Stealth+) [Jiyva's grace]
 33561 | Snake:3  | Slimified Vashnia
 33561 | Snake:3  | Noticed Vashnia
 33561 | Snake:3  | Vashnia changed into Vashnia the acid blob
 33578 | Snake:3  | Lost mutation: Your mind is acute. (Int +2) [Jiyva's grace]
 34165 | Orc:2    | Bought a tin of tremorstones (2/2) for 640 gold pieces
 34241 | D:9      | Gained mutation: You have a pair of horns on your head.
                  | [Jiyva's grace]
 34348 | Lair:1   | Killed Protee's ghost
 34772 | Slime:1  | Entered Level 1 of the Pits of Slime
 34856 | Slime:2  | Noticed an acid blob
 34882 | Slime:5  | Entered Level 5 of the Pits of Slime
 34885 | Slime:5  | Gained mutation: You have acidic saliva. [Jiyva's grace]
 34889 | Slime:5  | Gained mutation: You have great hidden genetic potential.
                  | [Jiyva's grace]
 34891 | Slime:5  | Gained mutation: You have an increased reservoir of magic.
                  | (+10% MP) [Jiyva's grace]
 34894 | Slime:5  | Lost mutation: You have great hidden genetic potential.
                  | [Jiyva's grace]
 34895 | Slime:5  | Noticed an acid blob
 34899 | Slime:5  | Found a viscous altar of Jiyva.
 34899 | Slime:5  | Gained mutation: You expend magic power (3 MP) to
                  | strengthen your wands. [Jiyva's grace]
 34900 | Slime:5  | Found the +9 sword of Zonguldrok {reap}
 34900 | Slime:5  | Found the +8 Wrath of Trog {antimagic, *Rage Rampage}
 34901 | Slime:5  | Noticed the Royal Jelly
 34902 | Slime:5  | Noticed an acid blob
 34902 | Slime:5  | Noticed an acid blob
 34903 | Slime:5  | Noticed an acid blob
 34905 | Slime:5  | Noticed an acid blob
 34908 | Slime:5  | Noticed an acid blob
 34911 | Slime:5  | Got the Catalogue of Weightlessness and Creation
 34912 | Slime:5  | Identified the +7 trident "Dorr" {antimagic, Will- rCorr
                  | Str+9 Dex-2}
 34923 | Slime:5  | Got a slimy rune of Zot
 34924 | Slime:5  | Identified the +6 halberd of Herodet {holy, rF++ Will+
                  | Int+3 Dex-5}
 34938 | Slime:5  | Identified the +9 mace of Baleful Valiance {vorpal, Contam
                  | rN+ SInv Stlth+}
 34946 | Slime:5  | Identified the +4 arbalest "Byvaowyi" {vorpal, rC+ Dex+3}
 34982 | Slime:5  | Noticed an acid blob
 35011 | Slime:2  | Noticed an acid blob
 35230 | Snake:4  | Entered Level 4 of the Snake Pit
 35241 | Snake:4  | Reached skill level 1 in Transmutations
 35241 | Snake:4  | Reached skill level 1 in Earth Magic
 35345 | Snake:4  | Found a shimmering altar of Xom.
 35472 | Snake:4  | Lost mutation: You have acidic saliva. [Jiyva's grace]
 35925 | Snake:4  | Gained mutation: You have great hidden genetic potential.
                  | [hidden potential]
 36350 | Snake:4  | Gained mutation: Your muscles are strong. (Str +2) [Jiyva's
                  | grace]
 36451 | Snake:4  | Lost mutation: You are robust. (+10% HP) [Jiyva's grace]
 36579 | Snake:4  | Reached skill level 5 in Transmutations
 36586 | Snake:4  | Reached skill level 5 in Earth Magic
 36654 | Snake:4  | Got a serpentine rune of Zot
 36957 | Shoals:1 | Entered Level 1 of the Shoals
 37029 | Shoals:1 | Reached XP level 18. HP: 103/210 MP: 26/34
 37125 | Shoals:1 | Lost mutation: You expend magic power (3 MP) to strengthen
                  | your wands. [Jiyva's grace]
 37539 | Shoals:1 | Got Zehov's Guide on Cold and Transmigration
 37545 | Shoals:1 | Gained mutation: Your mind is acute. (Int +2) [Jiyva's
                  | grace]
 37554 | Shoals:1 | Noticed Donald
 37570 | Shoals:1 | Killed Donald
 37970 | Shoals:2 | Reached skill level 10 in Spellcasting
 38028 | Shoals:2 | Learned a level 2 spell: Wereblood
 38206 | Shoals:2 | Found Fociur's Antique Weapon Emporium.
 38330 | Shoals:2 | Learned a level 1 spell: Apportation
 38440 | Shoals:2 | Gained mutation: Your flesh is very cold resistant. (rC++)
                  | [Jiyva's grace]
 38595 | Shoals:2 | Reached skill level 1 in Translocations
 38780 | Shoals:2 | Lost mutation: Your translucent skin slightly reduces your
                  | foes' accuracy. (Stealth+) [Jiyva's grace]
 39016 | Shoals:3 | Found Johuc's Overcharged Wands.
 39621 | Shoals:3 | Gained mutation: You are robust. (+10% HP) [hidden
                  | potential]
 39621 | Shoals:3 | Lost mutation: You have great hidden genetic potential.
                  | [hidden potential expressed]
 39642 | Shoals:3 | Lost mutation: You have an increased reservoir of magic.
                  | (+10% MP) [Jiyva's grace]
 40071 | Shoals:4 | Entered Level 4 of the Shoals
 40114 | Shoals:4 | Found Tontoaho's Distillery.
 40122 | Shoals:4 | Bought a potion of heal wounds for 65 gold pieces
 40122 | Shoals:4 | Bought a potion of haste for 130 gold pieces
 40122 | Shoals:4 | Bought a potion of lignification for 39 gold pieces
 40122 | Shoals:4 | Bought a potion of lignification for 39 gold pieces
 40122 | Shoals:4 | Bought a potion of might for 52 gold pieces
 40191 | Shoals:4 | Got a barnacled rune of Zot
 40201 | Shoals:4 | Gained mutation: Your skin changes colour to match your
                  | surroundings (Stealth+). [Jiyva's grace]
 40603 | Shoals:4 | Reached XP level 19. HP: 210/240 MP: 33/33
 40653 | Shoals:4 | Lost mutation: You have hidden genetic potential. [Jiyva's
                  | grace]
 41191 | Shoals:4 | Gained mutation: You have hidden genetic potential.
                  | [Jiyva's grace]
 41645 | Vaults:1 | Entered Level 1 of the Vaults
 41846 | Vaults:1 | Lost mutation: Your muscles are strong. (Str +2) [Jiyva's
                  | grace]
 42001 | Vaults:1 | Gained mutation: You have a small jelly attached to you
                  | that senses nearby items. [Jiyva's grace]
 42050 | Vaults:1 | Reached skill level 10 in Transmutations
 42050 | Vaults:1 | Reached skill level 10 in Earth Magic
 42986 | Vaults:2 | Found Kuelad's Magic Scroll Emporium.
 43049 | Vaults:2 | Lost mutation: You have hidden genetic potential. [Jiyva's
                  | grace]
 43050 | Vaults:2 | Bought a scroll of enchant weapon for 157 gold pieces
 43050 | Vaults:2 | Bought a scroll of identify for 42 gold pieces
 43050 | Vaults:2 | Bought a scroll of identify for 42 gold pieces
 43295 | Vaults:2 | Lost mutation: You have a pair of horns on your head.
                  | [Jiyva's grace]
 43301 | Vaults:2 | Identified the +11 long sword "Ogreslayer" {venom, Str+2}
 43927 | Vaults:2 | Gained mutation: You have very sharp teeth. [Jiyva's grace]
 44030 | Vaults:3 | Noticed Bai Suzhen
 44050 | Vaults:3 | Killed Bai Suzhen
 44270 | Vaults:3 | Reached XP level 20. HP: 250/250 MP: 29/35
 44318 | Vaults:3 | Lost mutation: You have a pair of small horns on your head.
                  | [Jiyva's grace]
 44424 | Vaults:3 | Gained mutation: Armour fits poorly on your pseudopods.
                  | [Jiyva's grace]
 44597 | Vaults:3 | Gained mutation: Your muscles are strong. (Str +2) [Jiyva's
                  | grace]
 44610 | Vaults:3 | Gained mutation: You have acidic saliva. [Jiyva's grace]
 44692 | Vaults:3 | Found Alij's Jewellery Emporium.
 44862 | Vaults:3 | Gained mutation: Your rubbery body absorbs attacks. (AC +1,
                  | EV +1) [Jiyva's grace]
 44922 | Vaults:3 | Cast into level 2 of the Abyss (a wizard)
 45017 | Abyss:2  | Noticed a bone dragon
 45026 | Abyss:2  | Slimified a bone dragon
 45026 | Abyss:2  | a bone dragon changed into an acid blob
 45245 | Vaults:3 | Escaped the Abyss
 45263 | Vaults:3 | Learned a level 5 spell: Borgnjor's Vile Clutch
 45484 | Vaults:3 | Gained mutation: Your spells are a little harder to cast,
                  | but a little more powerful. [Jiyva's grace]
 45514 | Vaults:3 | Noticed a golden dragon
 45527 | Vaults:3 | Killed a golden dragon
 45528 | Vaults:3 | Reached skill level 1 in Necromancy
 45549 | Vaults:3 | Learned a level 5 spell: Irradiate
 45615 | Vaults:3 | Reached skill level 1 in Conjurations
 45878 | Vaults:3 | Found a staircase to the Crypt.
 46085 | Vaults:4 | Lost mutation: Your muscles are strong. (Str +2) [Jiyva's
                  | grace]
 46319 | Vaults:4 | Reached XP level 21. HP: 260/260 MP: 38/38
 46752 | Vaults:4 | Gained mutation: You have a pair of small horns on your
                  | head. [Jiyva's grace]
 46805 | Vaults:4 | Lost mutation: Your mind is acute. (Int +2) [mutagenic
                  | glow]
 46811 | Vaults:4 | Paralysed by a sphinx for 6 turns
 46831 | Vaults:4 | Gained mutation: You have a small jelly attached to you
                  | that may absorb incoming projectiles. [Jiyva's grace]
 47609 | Elf:1    | Entered Level 1 of the Elven Halls
 47627 | Elf:1    | Identified the ring "Tediont" {rC+ EV+4}
 47638 | Elf:1    | Lost mutation: You are partially covered in iridescent
                  | scales. (AC +2) [Jiyva's grace]
 47814 | Elf:1    | Paralysed by an air elemental for 1 turns
 47822 | Elf:1    | Lost mutation: You have a small jelly attached to you that
                  | senses nearby items. [Jiyva's grace]
 47938 | Elf:1    | Reached skill level 5 in Necromancy
 48038 | Elf:1    | Paralysed by an air elemental for 1 turns
 48147 | Elf:1    | Reached skill level 5 in Conjurations
 48176 | Elf:1    | Gained mutation: Armour fits poorly on your large
                  | pseudopods. [Jiyva's grace]
 48631 | Elf:2    | Gained mutation: You have hidden genetic defects. [a
                  | neqoxec]
 48633 | Elf:2    | Lost mutation: You have hidden genetic defects. [Jiyva's
                  | power]
 48647 | Elf:2    | Identified the +1 hand crossbow of the Heavens {speed,
                  | rElec}
 48649 | Elf:2    | Found a huge runed gate.
 48649 | Elf:2    | Found a huge runed gate.
 48649 | Elf:2    | Found a huge runed gate.
 48649 | Elf:2    | Found a huge runed gate.
 48650 | Elf:2    | Found a huge runed gate.
 48656 | Elf:2    | Found a huge runed gate.
 48657 | Elf:2    | Found a huge runed gate.
 48658 | Elf:2    | Found a huge runed gate.
 48659 | Elf:2    | Found a huge runed gate.
 48660 | Elf:2    | Found a huge runed gate.
 48661 | Elf:2    | Found a huge runed gate.
 48669 | Elf:2    | Found a huge runed gate.
 48728 | Elf:2    | Gained mutation: You are agile. (Dex +2) [Jiyva's grace]
 48748 | Elf:2    | Found a runed translucent gate.
 48748 | Elf:2    | Found a runed translucent gate.
 48748 | Elf:2    | Found a runed translucent gate.
 48787 | Elf:2    | Identified Roxanne's Reference Book on Earth
 48787 | Elf:2    | Noticed Roxanne
 48802 | Elf:2    | Killed Roxanne
 48822 | Elf:2    | Lost mutation: You are agile. (Dex +2) [Jiyva's grace]
 48903 | Elf:2    | Found an ancient bone altar of Kikubaaqudgha.
 48924 | Elf:2    | Found a huge runed gate.
 48924 | Elf:2    | Found a huge runed gate.
 48924 | Elf:2    | Found a huge runed gate.
 48930 | Elf:2    | Found a huge runed gate.
 48930 | Elf:2    | Found a huge runed gate.
 48931 | Elf:2    | Found a huge runed gate.
 48931 | Elf:2    | Found a huge runed gate.
 48931 | Elf:2    | Found a huge runed gate.
 48932 | Elf:2    | Found a huge runed gate.
 48932 | Elf:2    | Found a huge runed gate.
 48932 | Elf:2    | Found a huge runed gate.
 48932 | Elf:2    | Found a huge runed gate.
 48934 | Elf:2    | Found a huge runed gate.
 48935 | Elf:2    | Found a huge runed gate.
 48936 | Elf:2    | Found a huge runed gate.
 49014 | Elf:2    | Found a huge runed gate.
 49015 | Elf:2    | Found a huge runed gate.
 49036 | Elf:2    | Noticed Amamary's ghost (adept HOFi)
 49036 | Elf:2    | Noticed Fiutitsu's ghost (adept OpCj)
 49036 | Elf:2    | Noticed Nuiffe Xitzo's ghost (journeyman DrEE)
 49036 | Elf:2    | Noticed Riorrem's ghost (adept DrCj)
 49036 | Elf:2    | Noticed Qomixt's ghost (adept DrCj)
 49036 | Elf:2    | Noticed Kaxoaf's ghost (adept HOFi)
 49036 | Elf:2    | Noticed Zuferhat's ghost (adept DEEE)
 49042 | Elf:2    | Killed Fiutitsu's ghost
 49043 | Elf:2    | Reached skill level 15 in Spellcasting
 49046 | Elf:2    | Killed Nuiffe Xitzo's ghost
 49049 | Elf:2    | Killed Zuferhat's ghost
 49052 | Elf:2    | Killed Riorrem's ghost
 49061 | Elf:2    | Killed Kaxoaf's ghost
 49074 | Elf:2    | Killed Amamary's ghost
 49085 | Elf:2    | Killed Qomixt's ghost
 49086 | Elf:2    | Reached XP level 22. HP: 159/271 MP: 26/41
 49107 | Elf:2    | Gained mutation: Your melee attacks may engulf your foes in
                  | ooze. [Jiyva's grace]
 49265 | Elf:2    | Learned a level 5 spell: Silence
 49268 | Elf:2    | Noticed Asterion
 49275 | Elf:2    | Slimified Asterion
 49275 | Elf:2    | Noticed Asterion
 49275 | Elf:2    | Asterion changed into Asterion the slime creature
 49325 | Elf:2    | Lost mutation: You have a small jelly attached to you that
                  | may absorb incoming projectiles. [Jiyva's grace]
 49440 | Elf:2    | Lost mutation: You have a pair of small horns on your head.
                  | [Jiyva's grace]
 49705 | Elf:3    | Entered Level 3 of the Elven Halls
 49958 | Elf:3    | Lost mutation: Your skin changes colour to match your
                  | surroundings (Stealth+). [Jiyva's grace]
 49958 | Elf:3    | Gained mutation: Your translucent skin slightly reduces
                  | your foes' accuracy. (Stealth+) [Jiyva's grace]
 50004 | Elf:3    | Identified the +10 demon trident "Rienn" {flame, Int+5}
 50025 | Elf:3    | Identified the +8 halberd of Animal Spirits {antimagic, rF+
                  | rCorr Str+2}
 50026 | Elf:3    | Gained mutation: You are partially covered in large bone
                  | plates. (SH +4) [Jiyva's grace]
 50043 | Elf:3    | Cast into level 3 of the Abyss (a deep elf sorcerer)
 50124 | Abyss:3  | Got an abyssal rune of Zot
 50207 | Abyss:3  | Lost mutation: You have very sharp teeth. [Jiyva's grace]
 50247 | Elf:3    | Escaped the Abyss
 50279 | Elf:3    | Reached skill level 1 in Hexes
 50331 | Elf:3    | Lost mutation: Your spells are a little harder to cast, but
                  | a little more powerful. [Jiyva's grace]
 50341 | Elf:3    | Lost mutation: Your flesh is very cold resistant. (rC++)
                  | [Jiyva's grace]
 50376 | Elf:3    | Identified the +0 robe of Uniuv {rPois rC- Int+3 Slay+2}
 50388 | Elf:3    | Gained mutation: Armour fits poorly on your massive
                  | pseudopods. [Jiyva's grace]
 50392 | Elf:3    | Identified the +4 rapier of Rotation {pain, rElec Will+}
 50447 | Elf:3    | Reached XP level 23. HP: 281/281 MP: 43/43
 50459 | Elf:3    | Gained mutation: You have sharp toenails. [Jiyva's grace]
 50468 | Elf:3    | Identified the +6 hunting sling of Zin's Displeasure
                  | {speed, rElec Stlth+}
 50473 | Elf:3    | Identified the ring "Hear" {Fire Slay+3}
 50581 | Elf:3    | Lost mutation: Your melee attacks may engulf your foes in
                  | ooze. [Jiyva's grace]
 51157 | Depths:1 | Entered Level 1 of the Depths
 51334 | Depths:1 | Gained mutation: You have sharp fingernails. [Jiyva's
                  | grace]
 51351 | Depths:1 | Found a one-way gate to the infinite horrors of the Abyss.
 51404 | Depths:1 | Reached skill level 5 in Hexes
 51455 | Depths:1 | Lost mutation: You have sharp toenails. [Jiyva's grace]
 51456 | Depths:1 | You fall into a shaft and drop 1 floor!
 51683 | Depths:1 | Found a gateway to Hell.
 51918 | Depths:2 | Found Ahuimnunt's Jewellery Boutique.
 52123 | Depths:2 | Reached skill level 10 in Shields
 52162 | Depths:2 | Lost mutation: You are partially covered in large bone
                  | plates. (SH +4) [Jiyva's grace]
 52245 | Depths:2 | Identified the +7 arbalest "Coafuera" {elec}
 52249 | Depths:2 | Acquired the +11 tower shield of the Onion {rF+ Str+4}
 52263 | Depths:2 | ouch
 52268 | Depths:2 | Lost mutation: Your translucent skin slightly reduces your
                  | foes' accuracy. (Stealth+) [Jiyva's grace]
 52268 | Depths:2 | Gained mutation: Your skin changes colour to match your
                  | surroundings (Stealth+). [Jiyva's grace]
 52305 | Depths:2 | Lost mutation: You have acidic saliva. [Jiyva's grace]
 52376 | Depths:2 | Noticed the Enchantress
 52403 | Depths:2 | Killed the Enchantress
 52404 | Depths:2 | Reached skill level 1 in Air Magic
 52478 | Depths:2 | Lost mutation: Your flesh is cold resistant. (rC+) [Jiyva's
                  | grace]
 53067 | Depths:2 | Found a one-way gate leading to the halls of Pandemonium.
 53261 | Depths:3 | Found Kuilab's Magic Scroll Shop.
 53340 | Depths:3 | Lost mutation: Your skin changes colour to match your
                  | surroundings (Stealth+). [Jiyva's grace]
 53488 | Depths:3 | Reached skill level 21 in Fighting
 53668 | Depths:3 | Gained mutation: You are partially covered in iridescent
                  | scales. (AC +2) [Jiyva's grace]
 53751 | Depths:3 | Bought a scroll of teleportation for 39 gold pieces
 53751 | Depths:3 | Bought a scroll of fog for 26 gold pieces
 53808 | Depths:3 | Lost mutation: You are robust. (+10% HP) [Jiyva's grace]
 53819 | Depths:3 | Noticed Margery
 53834 | Depths:3 | Killed Margery
 53896 | Depths:3 | Gained mutation: You have a small jelly attached to you
                  | that senses nearby items. [Jiyva's grace]
 53948 | Depths:3 | Reached XP level 24. HP: 146/270 MP: 43/43
 54702 | Depths:4 | Reached skill level 10 in Dodging
 54711 | Depths:4 | Paralysed by an air elemental for 1 turns
 54871 | Depths:4 | Paralysed by an air elemental for 1 turns
 54875 | Depths:4 | Paralysed by an air elemental for 1 turns
 55129 | Depths:4 | Identified the ring "Obiroequ" {rPois Int+6}
 55528 | Depths:4 | Found a gateway to a ziggurat.
 55528 | Depths:4 | Gained mutation: Your system is resistant to poisons.
                  | (rPois) [Jiyva's grace]
 55555 | Depths:4 | Gained mutation: You have a pair of small antennae on your
                  | head. [Jiyva's grace]
 55595 | Depths:4 | Lost mutation: You have sharp fingernails. [Jiyva's grace]
 55729 | Depths:5 | Entered Level 5 of the Depths
 55752 | Depths:5 | Noticed Saint Roka
 55767 | Depths:5 | Killed Saint Roka
 55803 | Depths:5 | Gained mutation: You are agile. (Dex +2) [Jiyva's grace]
 55844 | Depths:5 | Found Acvohott's Antique Armour Boutique.
 55852 | Depths:5 | Bought an embroidered robe for 151 gold pieces
 55869 | Depths:5 | Found a gateway to a bazaar.
 55871 | Depths:5 | Gained mutation: You have sharp fingernails. [Jiyva's
                  | grace]
 55877 | Bazaar   | Entered a bazaar
 55877 | Bazaar   | Found Qajireacs's Jewellery Emporium.
 55877 | Bazaar   | Found Nigoefas's Weapon Shoppe.
 55877 | Bazaar   | Found Aqoas's Magic Scroll Shoppe.
 55877 | Bazaar   | Found Heddeluts's Weapon Emporium.
 55877 | Bazaar   | Found Cefock's Assorted Antiques.
 55877 | Bazaar   | Found Siceizup's Antique Armour Shoppe.
 55887 | Bazaar   | Bought a scroll of fog for 20 gold pieces
 55887 | Bazaar   | Bought a scroll of holy word for 75 gold pieces
 55899 | Bazaar   | Bought a glowing cloak for 195 gold pieces
 55910 | Bazaar   | Bought a runed robe for 96 gold pieces
 55911 | Bazaar   | Bought a runed robe for 96 gold pieces
 55924 | Bazaar   | Bought the amulet "Goyquoc" {Spirit Dex+5} for 712 gold
                  | pieces
 55939 | Bazaar   | Bought a potion of resistance for 310 gold pieces
 56068 | Depths:5 | Found Xituz's Antique Armour Emporium.
 56155 | Depths:5 | Found a gate to the Realm of Zot.
 56196 | Depths:5 | Identified the +11 glaive of the Hand {vorpal, *Corrode rC+
                  | rN++}
 56381 | Depths:5 | Reached skill level 22 in Fighting
 57067 | Crypt:1  | Entered Level 1 of the Crypt
 57311 | Crypt:1  | Identified the +0 hat of the Untouchables {rPois rF+}
 57441 | Crypt:1  | Lost mutation: You are agile. (Dex +2) [Jiyva's grace]
 58106 | Crypt:2  | Noticed Mara
 58109 | Crypt:2  | Reached XP level 25. HP: 190/282 MP: 10/43
 58111 | Crypt:2  | Noticed Charly's illusion
 58461 | Crypt:2  | Killed Mara
 58575 | Crypt:2  | Learned a level 3 spell: Swiftness
 58580 | Crypt:2  | Learned a level 4 spell: Cause Fear
 58583 | Crypt:2  | Learned a level 2 spell: Sublimation of Blood
 58588 | Crypt:2  | Learned a level 4 spell: Passage of Golubria
 58696 | Crypt:2  | Lost mutation: Your rubbery body absorbs attacks. (AC +1,
                  | EV +1) [Jiyva's grace]
 58985 | Crypt:3  | Entered Level 3 of the Crypt
 59217 | Crypt:3  | Found a staircase to the Tomb.
 59307 | Crypt:3  | Noticed Jory
 59315 | Crypt:3  | Killed Jory
 59316 | Crypt:3  | Reached skill level 10 in Hexes
 59558 | Crypt:3  | Identified the ring of the Leaf {+Blink rN+ rCorr MP-9}
 59558 | Crypt:3  | Identified the ring of Bemiy {rN+ Str+6 Slay-4}
 59558 | Crypt:3  | Identified the ring "Uratrass" {Contam rN+ Will+ Str+4}
 59860 | Crypt:3  | Identified the +1 ring mail of Light {+Blink rF++ rC-
                  | rCorr}
 60038 | Crypt:3  | Reached skill level 10 in Armour
 60146 | Crypt:3  | Found a basalt altar of Yredelemnul.
 60734 | Crypt:3  | Gained mutation: You are mostly covered in iridescent
                  | scales. (AC +4) [Jiyva's grace]
 60755 | Crypt:3  | Identified the +0 kite shield of Valiance {rElec}
 60820 | Crypt:3  | Lost mutation: Your system is resistant to poisons. (rPois)
                  | [Jiyva's grace]
 60952 | Vaults:4 | Lost mutation: Armour fits poorly on your massive
                  | pseudopods. [potion of mutation]
 60952 | Vaults:4 | Lost mutation: You have a small jelly attached to you that
                  | senses nearby items. [potion of mutation]
 60952 | Vaults:4 | Lost mutation: You have a pair of small antennae on your
                  | head. [potion of mutation]
 60952 | Vaults:4 | Gained mutation: You have a pair of small horns on your
                  | head. [potion of mutation]
 60952 | Vaults:4 | Gained mutation: You are robust. (+10% HP) [potion of
                  | mutation]
 60952 | Vaults:4 | Gained mutation: You have sharp toenails. [potion of
                  | mutation]
 60952 | Vaults:4 | Gained mutation: You have very sharp fingernails. [potion
                  | of mutation]
 60984 | Vaults:5 | Entered Level 5 of the Vaults
 61070 | Vaults:5 | Reached skill level 23 in Fighting
 61135 | Vaults:5 | Reached XP level 26. HP: 325/325 MP: 38/43
 61138 | Vaults:5 | Noticed a dread lich
 61149 | Vaults:5 | Killed a dread lich
 61150 | Vaults:5 | Reached skill level 5 in Air Magic
 61329 | Vaults:5 | Noticed an ancient lich
 61332 | Vaults:5 | Killed an ancient lich
 61355 | Vaults:5 | Reached skill level 15 in Shields
 61380 | Vaults:5 | Lost mutation: You have sharp toenails. [Jiyva's grace]
 61450 | Vaults:5 | Lost mutation: You are mostly covered in iridescent scales.
                  | (AC +4) [Jiyva's grace]
 61495 | Vaults:5 | Gained mutation: You are mostly covered in iridescent
                  | scales. (AC +4) [Jiyva's grace]
 61499 | Vaults:5 | Noticed a dread lich
 61504 | Vaults:5 | Gained mutation: Your translucent skin slightly reduces
                  | your foes' accuracy. (Stealth+) [Jiyva's grace]
 61508 | Vaults:5 | Lost mutation: You have very sharp fingernails. [Jiyva's
                  | grace]
 61511 | Vaults:5 | Killed a dread lich
 61512 | Vaults:5 | Reached skill level 24 in Fighting
 61518 | Vaults:5 | Gained mutation: You are strong-willed. (Will+) [Jiyva's
                  | grace]
 61545 | Vaults:5 | Lost mutation: You have sharp fingernails. [Jiyva's grace]
 61551 | Vaults:5 | Lost mutation: You are mostly covered in iridescent scales.
                  | (AC +4) [Jiyva's grace]
 61558 | Vaults:5 | Noticed a dread lich
 61572 | Vaults:5 | Killed a dread lich
 61572 | Vaults:5 | Gained mutation: You sometimes lose the ability to read
                  | scrolls when taking damage. [Jiyva's grace]
 61575 | Vaults:5 | Lost mutation: Your translucent skin slightly reduces your
                  | foes' accuracy. (Stealth+) [Jiyva's grace]
 61596 | Vaults:5 | Lost mutation: You are partially covered in iridescent
                  | scales. (AC +2) [Jiyva's grace]
 61615 | Vaults:5 | Gained mutation: Your translucent skin slightly reduces
                  | your foes' accuracy. (Stealth+) [Jiyva's grace]
 61618 | Vaults:5 | Identified the +5 short sword of Kuvees {antimagic, rElec
                  | rC+ rN+ Str-5 Dex+3}
 61623 | Vaults:5 | Reached skill level 15 in Evocations
 61626 | Vaults:5 | Identified the +7 shortbow "Naisuo" {flame, rF+ rC- Str+2}
 61655 | Vaults:5 | Lost mutation: You sometimes lose the ability to read
                  | scrolls when taking damage. [Jiyva's grace]
 61670 | Vaults:5 | Gained mutation: You have a small jelly attached to you
                  | that may absorb incoming projectiles. [Jiyva's grace]
 61869 | Vaults:5 | Gained mutation: Your mind is acute. (Int +2) [Jiyva's
                  | grace]
 62280 | Vaults:5 | Got a silver rune of Zot
 62730 | Orc:2    | Bought a wand of charming (9) for 36 gold pieces
 63012 | Shoals:4 | Bought a potion of brilliance for 52 gold pieces
 63060 | Shoals:3 | Bought a wand of iceblast (25) for 493 gold pieces
 63060 | Shoals:3 | Bought a wand of iceblast (25) for 493 gold pieces
 63060 | Shoals:3 | Bought a wand of digging (15) for 646 gold pieces
 63306 | D:14     | Bought a wand of iceblast (9) for 208 gold pieces
 63492 | Zot:1    | Entered Level 1 of the Realm of Zot
 63498 | Zot:1    | Reached skill level 25 in Fighting
 63507 | Zot:1    | Reached XP level 27. HP: 345/345 MP: 16/43
 63524 | Zot:1    | Learned a level 3 spell: Lesser Beckoning
 63637 | Zot:1    | Found the ring of the Hare {EV+8}
 63761 | Zot:1    | Lost mutation: Armour fits poorly on your large pseudopods.
                  | [Jiyva's grace]
 63774 | Zot:1    | Lost mutation: Your mind is acute. (Int +2) [Jiyva's grace]
 63898 | Zot:1    | Found a transporter.
 63900 | Zot:1    | Found the +5 demon whip "Spellbinder" {antimagic, Will+}
 63969 | Zot:1    | Found a transporter.
 63971 | Zot:1    | Lost mutation: You have a pair of small horns on your head.
                  | [Jiyva's grace]
 64449 | Zot:1    | Lost mutation: You are robust. (+10% HP) [Jiyva's grace]
 64581 | Zot:1    | You fall into a shaft and drop 1 floor!
 64893 | Zot:2    | Lost mutation: You are strong-willed. (Will+) [Jiyva's
                  | grace]
 64909 | Zot:2    | Found a large runed translucent door.
 64909 | Zot:2    | Found a large runed translucent door.
 64913 | Zot:2    | Noticed Gamelir's ghost (legendary FoAM)
 64950 | Zot:2    | Killed Gamelir's ghost
 64955 | Zot:2    | Acquired 971 gold pieces
 65320 | Zot:1    | You fall into a shaft and drop 1 floor!
 65359 | Zot:1    | Noticed an orb of fire
 65382 | Zot:1    | Gained mutation: You are dopey. (Int -2) [an orb of fire]
 65391 | Zot:1    | Gained mutation: You occasionally shout uncontrollably at
                  | your foes. [an orb of fire]
 65393 | Zot:1    | Killed an orb of fire
 65396 | Zot:1    | Reached skill level 26 in Fighting
 65629 | Zot:1    | Identified the ring of Ixekuewn {rC- AC+4 Str+4 Int+2}
 65642 | Zot:1    | Identified the ring "Quadaso" {Will+ Dex+6}
 65645 | Zot:1    | Identified the +4 scale mail of the Arcane {Str+3}
 65682 | Zot:2    | Lost mutation: You are covered in slimy tendrils that may
                  | disarm your opponents. [potion of mutation]
 65682 | Zot:2    | Lost mutation: Armour fits poorly on your pseudopods.
                  | [potion of mutation]
 65682 | Zot:2    | Lost mutation: You occasionally shout uncontrollably at
                  | your foes. [potion of mutation]
 65682 | Zot:2    | Gained mutation: Your magical capacity is low. (-10% MP)
                  | [potion of mutation]
 65683 | Zot:2    | Lost mutation: Your magical capacity is low. (-10% MP)
                  | [potion of mutation]
 65683 | Zot:2    | Lost mutation: You have a small jelly attached to you that
                  | may absorb incoming projectiles. [potion of mutation]
 65683 | Zot:2    | Lost mutation: Your translucent skin slightly reduces your
                  | foes' accuracy. (Stealth+) [potion of mutation]
 65683 | Zot:2    | Gained mutation: You have sharp toenails. [potion of
                  | mutation]
 65683 | Zot:2    | Gained mutation: You have a pair of small horns on your
                  | head. [potion of mutation]
 65683 | Zot:2    | Gained mutation: You possess an exceptional clarity of
                  | mind. [potion of mutation]
 65684 | Zot:2    | Lost mutation: You have a pair of small horns on your head.
                  | [potion of mutation]
 65684 | Zot:2    | Lost mutation: You are dopey. (Int -2) [potion of mutation]
 65684 | Zot:2    | Gained mutation: You passively map a small area around you.
                  | [potion of mutation]
 65685 | Zot:2    | Lost mutation: You have sharp toenails. [potion of
                  | mutation]
 65685 | Zot:2    | Lost mutation: You possess an exceptional clarity of mind.
                  | [potion of mutation]
 65685 | Zot:2    | Gained mutation: Your magical capacity is low. (-10% MP)
                  | [potion of mutation]
 65685 | Zot:2    | Gained mutation: You have a somewhat thin skeletal
                  | structure. (Dex +2, Stealth+) [potion of mutation]
 65686 | Zot:2    | Lost mutation: You passively map a small area around you.
                  | [potion of mutation]
 65686 | Zot:2    | Lost mutation: Your magical capacity is low. (-10% MP)
                  | [potion of mutation]
 65686 | Zot:2    | Gained mutation: Your spells are a little harder to cast,
                  | but a little more powerful. [potion of mutation]
 65686 | Zot:2    | Gained mutation: You are occasionally teleported next to
                  | monsters. [potion of mutation]
 65686 | Zot:2    | Gained mutation: You have a pair of small horns on your
                  | head. [potion of mutation]
 65686 | Zot:2    | Gained mutation: You have large cloven feet. [potion of
                  | mutation]
 65687 | Zot:2    | Lost mutation: Your spells are a little harder to cast, but
                  | a little more powerful. [potion of mutation]
 65687 | Zot:2    | Lost mutation: You are occasionally teleported next to
                  | monsters. [potion of mutation]
 65687 | Zot:2    | Gained mutation: Potions are less effective at restoring
                  | your health. [potion of mutation]
 65687 | Zot:2    | Gained mutation: You are clumsy. (Dex -2) [potion of
                  | mutation]
 65687 | Zot:2    | Gained mutation: Your flesh is heat resistant. (rF+)
                  | [potion of mutation]
 65688 | Zot:2    | Lost mutation: You have a pair of small horns on your head.
                  | [potion of mutation]
 65688 | Zot:2    | Lost mutation: Potions are less effective at restoring your
                  | health. [potion of mutation]
 65688 | Zot:2    | Gained mutation: You are strong-willed. (Will+) [potion of
                  | mutation]
 65688 | Zot:2    | Gained mutation: You passively dampen the noise of your
                  | surroundings. [potion of mutation]
 65689 | Zot:2    | Lost mutation: You are clumsy. (Dex -2) [Jiyva's power]
 65768 | Zot:2    | Gained mutation: You are highly strong-willed. (Will++)
                  | [Jiyva's grace]
 66108 | Zot:2    | Found Toinaata's CLEARANCE SALE!.
 66116 | Zot:2    | Bought a potion of curing for 18 gold pieces
 66116 | Zot:2    | Bought a scroll of fear for 21 gold pieces
 66911 | Zot:3    | Lost mutation: You have large cloven feet. [Jiyva's grace]
 67162 | Zot:3    | Lost mutation: Your flesh is heat resistant. (rF+) [Jiyva's
                  | grace]
 67844 | Zot:4    | Gained mutation: You tend to lose your temper in combat.
                  | [Jiyva's grace]
 67887 | Zot:4    | Gained mutation: Your flesh is heat resistant. (rF+)
                  | [Jiyva's grace]
 68260 | Zot:5    | Entered Level 5 of the Realm of Zot
 68277 | Zot:5    | Lost mutation: You tend to lose your temper in combat.
                  | [Jiyva's power]
 68477 | Zot:5    | Noticed an orb of fire
 68485 | Zot:5    | Gained mutation: You are clumsy. (Dex -2) [an orb of fire]
 68486 | Zot:5    | Gained mutation: You sometimes lose the ability to read
                  | scrolls when taking damage. [an orb of fire]
 68489 | Zot:5    | Gained mutation: You are very clumsy. (Dex -4) [an orb of
                  | fire]
 68498 | Zot:5    | Gained mutation: You are frail. (-10% HP) [an orb of fire]
 68500 | Zot:5    | Gained mutation: You are dopey. (Int -2) [an orb of fire]
 68501 | Zot:5    | Killed an orb of fire
 68527 | Zot:5    | Lost mutation: You are frail. (-10% HP) [Jiyva's power]
 68528 | Zot:5    | Lost mutation: You are very clumsy. (Dex -4) [Jiyva's
                  | power]
 68529 | Zot:5    | Lost mutation: You sometimes lose the ability to read
                  | scrolls when taking damage. [Jiyva's power]
 68587 | Zot:5    | Lost mutation: You have a somewhat thin skeletal structure.
                  | (Dex +2, Stealth+) [Jiyva's grace]
 68617 | Zot:5    | Reached skill level 27 in Fighting
 68693 | Zot:5    | Noticed an orb of fire
 68703 | Zot:5    | Killed an orb of fire
 68737 | Zot:5    | Noticed a dread lich
 68750 | Zot:5    | Killed a dread lich
 68806 | Zot:5    | Noticed a dread lich
 68822 | Zot:5    | Killed a dread lich
 68947 | Zot:5    | Lost mutation: You are dopey. (Int -2) [Jiyva's grace]
 69119 | Zot:5    | Noticed an orb of fire
 69124 | Zot:5    | Gained mutation: Potions are less effective at restoring
                  | your health. [an orb of fire]
 69132 | Zot:5    | Gained mutation: You are frail. (-10% HP) [an orb of fire]
 69135 | Zot:5    | Gained mutation: You tend to lose your temper in combat.
                  | [an orb of fire]
 69137 | Zot:5    | Gained mutation: You are very frail. (-20% HP) [an orb of
                  | fire]
 69138 | Zot:5    | Killed an orb of fire
 69140 | Zot:5    | Lost mutation: Potions are less effective at restoring your
                  | health. [Jiyva's power]
 69141 | Zot:5    | Lost mutation: You are very frail. (-20% HP) [Jiyva's
                  | power]
 69190 | Zot:5    | Noticed a dread lich
 69192 | Zot:5    | Gained mutation: Your magical capacity is low. (-10% MP)
                  | [mutagenic glow]
 69196 | Zot:5    | Killed a dread lich
 69196 | Zot:5    | Noticed an orb of fire
 69199 | Zot:5    | Gained mutation: You are somewhat resistant to further
                  | mutation. [an orb of fire]
 69209 | Zot:5    | Gained mutation: You occasionally shout uncontrollably at
                  | your foes. [mutagenic glow]
 69211 | Zot:5    | Killed an orb of fire
 69227 | Zot:5    | Noticed an ancient lich
 69238 | Zot:5    | Killed an ancient lich
 69394 | Zot:5    | Noticed an orb of fire
 69404 | Zot:5    | Killed an orb of fire
 69405 | Zot:5    | Reached skill level 15 in Dodging
 69993 | Zot:5    | Got the Orb of Zot
 70539 | D:$      | Escaped with the Orb!

Illustrated notes ################ ..............(# ..............(# ...............# ..............(# .............@<# ...............# ################ Turn 3814 on D:5: waste might

.#..#...#.#.#..#.#..#,*#.#####.##
#.#.#.##.##.#.#...#.#,*#.........
.#..#.#.#...#.)#.#..#,*#.#####.##
#..)#..##.).#.#)#.#.#,*#.# #.#
....#.......#(......#,*#.# #}#
###########.#.#######,*#.# #.#
....#......)#.......#,*#.#####.#
##..#.#.###.#.[[)...#,*#....(..#
#...#.#.....#...8)..#,*#########
#.#.#.#...#.#..)8...#,*
#...#[..).#.#..[|[..#,*
#...#.###.#.#..).[..#,*
............#.......#,*
#####################,*
*,,,,,,,,* *,,,,,,,,* *,,,,,,,,*


Turn 52263 on Depths:2: ouch

Levels and vault maps discovered:
D:1:      amcnicky_arrival_double_pillar, layout_loops_ring,
          kennysheep_pointless_box, kennysheep_flooded_box
D:2:      layout_basic, serial_shops, nicolae_shop_stone, uniq_jessica
D:3:      layout_rooms, hellmonk_ecumenical_altar_lost_god, kennysheep_potato,
          uniq_terence
D:4:      layout_basic, mainiacjoe_overflow_cross_hatched, slow_altar_1
D:5:      layout_rooms
D:6:      layout_rooms
D:7:      layout_basic, vehumet_crystals, nemelex_dance_club_becter,
          minmay_temple_entry_water_ring
D:8:      layout_cave_pools, mainiacjoe_overflow_six_doors_small,
          fungi_pond_lemuel
D:9:      layout_roguey, mainiacjoe_overflow_alcove_1,
          grunt_temple_overflow_open, lemuel_mausoleum_altar_kikubaaqudgha,
          zombieorc2_lemuel
D:10:     layout_loops_cross, mainiacjoe_overflow_large_starburst,
          lair_entry_dummy, wad_mini_maze
D:11:     layout_basic, nicolae_trove_entry_isolated,
          minmay_misc_feat_nine_boxes
D:12:     layout_gridville, special_room [special_room_bee]
D:13:     layout_roguey, amcnicky_mini_rare_corridor_liquid, uniq_sonja
D:14:     layout_roguey, hangedman_vaults_entry_quadrant_bands, serial_shops,
          shop, minmay_hedge_maze
D:15:     gammafunk_enter_depths_forms, layout_stronghold, hex_tiny,
          minmay_the_grid_square_5x5_3x3_mashed
          [minmay_the_grid_square_5x5_seven, minmay_the_grid_square_5x5_shrine1,
          minmay_the_grid_square_5x5_hollow_slash,
          minmay_the_grid_square_5x5_misaligned,
          minmay_the_grid_square_5x5_megaprize_open,
          minmay_the_grid_square_5x5_checkered_statues,
          minmay_the_grid_square_5x5_inner_i,
          minmay_the_grid_square_5x5_n_small,
          minmay_the_grid_square_5x5_checkered_sparse], uniq_josephine
Temple:   chequers_temple_sunken
Lair:1:   layout_chaotic_city, hellmonk_ghost_happy_afterlife,
          chequers_serial_rivers_large_b, fungi_pond_lemuel, st_stairs_5,
          grunt_megastairs_5
Lair:2:   layout_hall_layers, serial_forest, infiniplex_forest_lined_corner,
          infiniplex_forest_clump_C, infiniplex_forest_lined_4_way,
          infiniplex_forest_straight_3, infiniplex_forest_straight_4,
          infiniplex_forest_corner_1, infiniplex_forest_straight_3,
          infiniplex_forest_clump_medium, patterned_corridor, lemuel_fruit_tree
Lair:3:   layout_cellular_growth, elwin_shoals_entry_rocks, dummy_snake_entry,
          grunt_megastairs_4
Lair:4:   layout_small_grid, uniq_nergalle
Lair:5:   gammafunk_lair_enchanted_lake, layout_concentric_octagons,
          slime_altar_1
Lair:6:   minmay_lair_end_frog_pond, layout_cave_pods, infiniplex_staircase_pool
Shoals:1: layout_shoals, nicolae_shoals_lost_giant_amphitheater, uniq_donald
Shoals:2: layout_shoals, serial_shops, nicolae_square_shop
Shoals:3: layout_shoals, nicolae_shop_overcharged_wands
Shoals:4: shoals_end_grunt_ice, layout_shoals, serial_shops, shop
Snake:1:  nrook_guardian_serpent_snake_passage, layout_cave_shapes,
          special_room, uniq_aizul
Snake:2:  layout_chambers, nicolae_snake_coiling_death
Snake:3:  layout_grid_maze, gammafunk_ghost_necromancy,
          portal_ice_cave_entry_pillars_three, uniq_vashnia
Snake:4:  minmay_snake_end_coiled, layout_onion_interference, basic_altar
Slime:1:  layout_caves
Slime:2:  layout_caves, basic_altar
Slime:3:  layout_caves, cheibrodos_slime_lost_civilization_4
Slime:4:  layout_caves
Slime:5:  uniq_dissolution
Orc:1:    cheibrodos_orc_guarddog, layout_caves, serial_shops, shop,
          nicolae_orc_rich_vein
Orc:2:    st_orc_mages, layout_caves, serial_shops, shop
Elf:1:    minmay_elf_arrival_summoners, layout_loops_cross,
          minmay_elf_annihilation
Elf:2:    elven_hall_of_blades_hangedman_original [grunt_blade_entry_basic],
          layout_onion_city, gammafunk_ghost_door_vault, basic_altar,
          uniq_asterion, uniq_roxanne
Elf:3:    nooodl_elf_gasket, layout_geoelf_diagonals
Vaults:1: grunt_vaults_twisty, nicolae_vaults_network_quincunx
          [nicolae_vaults_network_quincunx_subvault,
          nicolae_vaults_network_quincunx_subvault,
          nicolae_vaults_network_quincunx_subvault,
          nicolae_vaults_network_quincunx_subvault,
          nicolae_vaults_network_quincunx_subvault], hangedman_vaults_stream,
          ontoclasm_vaults_hangar, nicolae_vaults_disjoint_gnomons,
          nicolae_vaults_network_square, v_misc_30,
          nicolae_vaults_little_squares_3, nicolae_vaults_hallways_thing,
          grunt_vaults_hallway_short, layout_vaults_omnibox
Vaults:2: nicolae_vaults_network_barrier, hangedman_vaults_nails,
          vaults_dpeg_encased_lava, serial_ice_g,
          hangedman_vaults_corner_blocks, nicolae_vaults_little_squares_2,
          nicolae_vaults_little_squares_5, vaults_room_hallway,
          layout_vaults_omnigrid, serial_shops, nicolae_shop_crystal
Vaults:3: blue_anna_dwarven_crypt, hangedman_vaults_stretched_pinwheel,
          nicolae_vaults_big_ls, v_misc_22, hangedman_vaults_corner,
          nicolae_vaults_mini_display_case, nicolae_vaults_branching_niches,
          vaults_room_ringed_pool, v_pattern_1, nicolae_vaults_ninety_degrees,
          v_misc_1, vaults_dpeg_ring, vaults_dpeg_cross,
          nicolae_vaults_little_squares_6, ontoclasm_vaults_ligature,
          layout_vaults_ring, serial_shops, nicolae_shop_behind_doors,
          uniq_bai_suzhen
Vaults:4: vaults_standard_mumra_lines, nicolae_vaults_octagons,
          nicolae_vaults_border_crossing, ontoclasm_vaults_loading_screen,
          vaults_room_hallway, nicolae_vaults_little_squares_3,
          vaults_room_grid, ontoclasm_vaults_spin, v_misc_16,
          vaults_room_door_ring, v_misc_16, hangedman_vaults_slice,
          ontoclasm_vaults_fault, ontoclasm_vaults_eye, layout_vaults_big_room
Vaults:5: serial_shops
Crypt:1:  layout_misc_corridors, nicolae_crypt_twisting_catacombs,
          minmay_misc_feat_ornament, grunt_megastairs_3
Crypt:2:  layout_misc_corridors, uniq_mara
Crypt:3:  evilmike_haunted_forest, uniq_jory
Depths:1: layout_twisted_cross, grunt_hell_entry_dis_grunt, abyss_entry,
          nrook_kobold_shadow_demons
Depths:2: minmay_nine_rooms, layout_gridlike, hell_entry, serial_shops,
          nicolae_shop_competitors_out_of_business, rand_demon_pan_entry_4,
          abandoned_shop, skrybe_limestone_x, infiniplex_staircase_zigzag_1,
          serial_bayou_shore_a, serial_bayou_shore_b, uniq_enchantress
Depths:3: minmay_cut_squares, layout_cave_pools, serial_shops,
          nicolae_shop_waterfront, rand_demon_pan_entry_5, chequers_big_river,
          pf_vacation_house_of_asmodeus, chequers_serial_rivers_large_a,
          nrook_mini_backslash, uniq_margery
Depths:4: radiant_caverns_a_rkd, abyss_entry, pan_entry, hell_entry
Depths:5: grunt_zot_entry_tricorne, layout_gridville, serial_shops,
          bzr_entry_gold, nicolae_shop_stone, shop, pf_coc_iceberg, abyss_entry,
          uniq_saint_roka
Zot:1:    gammafunk_dig_for_victory, layout_misc_corridors
Zot:2:    layout_misc_corridors, ebering_ghost_disaster_area,
          nicolae_shop_clearance
Zot:3:    layout_gridlike
Zot:4:    layout_onion_interference, st_stairs_8
Zot:5:    layout_misc_corridors, grunt_ministairs_15

Skill      XL: |  1  2  3  4  5  6  7  8  9 10 11 12 13 14 15 16 17 18 19 20 21 22 23 24 25 26 27 |
---------------+----------------------------------------------------------------------------------+-----
Fighting       | 2 3 4 5 7 9 11 13 14 16 18 20 21 22 23 25 27 | 27.0
Spellcasting   | 3 4 5 6 7 9 10 11 13 15 16 20 | 20.4
Ice Magic      | 4 5 7 8 |  8.0
Evocations     | 4 5 6 7 8 10 11 12 13 15 18 | 18.1
Polearms       | 5 8 11 13 14 | 14.0
Armour         | 4 6 8 10 | 10.0
Dodging        | 3 6 8 9 10 15 | 15.3
Shields        | 4 8 9 10 12 14 15 | 15.0
Transmutations | 5 9 11 12 13 14 | 14.0
Earth Magic    | 5 9 11 12 13 14 | 14.0
Translocations | 3 |  3.0
Necromancy     | 2 5 6 |  6.0
Conjurations   | 2 5 6 |  6.0
Hexes          | 3 8 9 10 | 10.0
Air Magic      | 2 3 4 5 |  5.0
Stealth        | |  1.4

Action                   |  1- 3 |  4- 6 |  7- 9 | 10-12 | 13-15 | 16-18 | 19-21 | 22-24 | 25-27 || total
-------------------------+-------+-------+-------+-------+-------+-------+-------+-------+-------++-------
Melee: Dagger            |    14 |    48 |     7 |       |       |       |       |       |       ||    69
       Trident           |       |       |    26 |   493 |  1248 |  1928 |       |       |       ||  3695
       Headbutt          |       |       |       |       |    75 |   386 |   154 |    12 |   131 ||   758
       Pseudopods        |       |       |       |       |    37 |     4 |   163 |   284 |   282 ||   770
       Bite              |       |       |       |       |       |    10 |   127 |    70 |       ||   207
       Demon trident     |       |       |       |       |       |   160 |  1254 |  1407 |  2003 ||  4824
       Kick              |       |       |       |       |       |       |       |    52 |   131 ||   183
 Fire: Hunting sling     |       |    47 |   130 |    85 |    40 |       |       |       |       ||   302
Throw: Dart              |       |     8 |       |     6 |     3 |       |       |       |       ||    17
       Throwing net      |       |       |       |     4 |       |     1 |       |       |       ||     5
 Cast: Freeze            |    37 |    35 |     3 |     3 |       |       |       |       |       ||    78
       Frozen Ramparts   |       |     6 |    19 |    64 |   103 |    58 |     7 |       |       ||   257
       Ozocubu's Armour  |       |     7 |    13 |    63 |    91 |   101 |     3 |       |       ||   278
       Wereblood         |       |       |       |       |       |     6 |       |       |       ||     6
       Apportation       |       |       |       |       |       |     1 |     1 |     3 |       ||     5
       Statue Form       |       |       |       |       |       |       |    54 |    51 |    84 ||   189
       Irradiate         |       |       |       |       |       |       |     6 |    11 |    60 ||    77
       Borgnjor's Vile C |       |       |       |       |       |       |     2 |    11 |    18 ||    31
       Silence           |       |       |       |       |       |       |       |       |     3 ||     3
       Cause Fear        |       |       |       |       |       |       |       |       |     1 ||     1
       Lesser Beckoning  |       |       |       |       |       |       |       |       |     1 ||     1
Invok: Slimify           |       |       |       |       |       |     5 |     1 |     2 |     2 ||    10
       Request Jelly     |       |       |       |       |       |     1 |       |       |       ||     1
       Cure Bad Mutation |       |       |       |       |       |       |     1 |       |     7 ||     8
Evoke: Wand              |       |       |     6 |    10 |    33 |    34 |     3 |     1 |    15 ||   102
       Lightning rod     |       |       |       |     1 |    11 |     4 |     1 |       |       ||    17
       Phial of floods   |       |       |       |       |     4 |     2 |       |       |     1 ||     7
       Tin of tremorston |       |       |       |       |       |     5 |     9 |     5 |     3 ||    22
       Condenser vane    |       |       |       |       |       |     5 |     4 |     4 |     8 ||    21
       Box of beasts     |       |       |       |       |       |       |     2 |     1 |     1 ||     4
       Phantom mirror    |       |       |       |       |       |       |       |     1 |       ||     1
  Use: Scroll            |     3 |     4 |       |     2 |     5 |    30 |     7 |     5 |     9 ||    65
       Potion            |       |     1 |       |     1 |     5 |     6 |     2 |     1 |    23 ||    39
 Stab: Sleeping          |     5 |     1 |       |       |     2 |     6 |     4 |     9 |     7 ||    34
       Paralysed         |       |       |     7 |    12 |    18 |    15 |     1 |       |       ||    53
       Held in net/web   |       |       |       |     2 |       |       |       |       |       ||     2
       Petrified         |       |       |       |       |     3 |       |       |       |       ||     3
       Distracted        |       |       |       |       |     2 |     6 |     9 |     4 |     1 ||    22
       Confused          |       |       |       |       |       |       |       |       |     2 ||     2
Armor: Robe              |    14 |    33 |    31 |    93 |       |   108 |    15 |     2 |       ||   296
       Acid dragon scale |       |       |       |    65 |   285 |   209 |       |    28 |    32 ||   619
       Storm dragon scal |       |       |       |     1 |    44 |       |       |       |       ||    45
       Skin              |       |       |       |       |       |       |   482 |   430 |   534 ||  1446
Dodge: Dodged            |    15 |    49 |    36 |   129 |   260 |   554 |   569 |   422 |   988 ||  3022
Block: Kite shield       |       |       |       |       |   134 |   954 |   832 |   409 |       ||  2329
       Tower shield      |       |       |       |       |       |       |       |   916 |  2612 ||  3528
       Reflection        |       |       |       |       |       |       |       |     2 |       ||     2

Table legend: (Time is in decaauts)
 A = Elapsed time spent in this place.
 B = Non-inter-level travel time spent in this place.
 C = Inter-level travel time spent in this place.
 D = Time resting spent in this place.
 E = Time spent auto-exploring this place.
 F = Levels seen in this place.
 G = Mean time per level.
                   A        B        C        D        E       F      G
               +--------+--------+--------+--------+--------+-----+--------+
         Total |  72619 |  65522 |   7097 |   2823 |  41810 |  62 | 1171.3 |
       Dungeon |  20205 |  17480 |   2725 |   1897 |  11292 |  15 | 1347.0 |
        Temple |    593 |    553 |     40 |      0 |    533 |   1 |  593.0 |
          Lair |   8403 |   7189 |   1214 |    106 |   5186 |   6 | 1400.5 |
        Shoals |   4338 |   3991 |    347 |     21 |   2312 |   4 | 1084.5 |
     Snake Pit |   5385 |   5029 |    356 |     70 |   3241 |   4 | 1346.2 |
    Slime Pits |    255 |    193 |     62 |      0 |     74 |   5 |   51.0 |
  Orcish Mines |   1853 |   1391 |    462 |      4 |    803 |   2 |  926.5 |
   Elven Halls |   3563 |   3437 |    126 |     15 |   1963 |   3 | 1187.7 |
        Vaults |   7962 |   7134 |    828 |     60 |   4840 |   5 | 1592.4 |
         Crypt |   4364 |   4167 |    197 |    287 |   2546 |   3 | 1454.7 |
        Depths |   6603 |   6112 |    491 |      0 |   3951 |   5 | 1320.6 |
           Zot |   7262 |   7018 |    244 |    327 |   4547 |   5 | 1452.4 |
         Abyss |    592 |    592 |      0 |      0 |      0 |   2 |  296.0 |
        Bazaar |     69 |     69 |      0 |      0 |     29 |   1 |   69.0 |
      Ice Cave |   1165 |   1165 |      0 |     33 |    490 |   1 | 1165.0 |
               +--------+--------+--------+--------+--------+-----+--------+

Top non-repeatable levels by time:
    D:11: 2270 daAuts
 Crypt:3: 2243 daAuts
     D:9: 2043 daAuts
Vaults:3: 1944 daAuts
   Zot:1: 1862 daAuts
   Zot:5: 1859 daAuts
Depths:3: 1737 daAuts
    D:10: 1636 daAuts
 Snake:2: 1627 daAuts
  Lair:6: 1613 daAuts
    D:15: 1600 daAuts
Depths:2: 1591 daAuts
Vaults:2: 1569 daAuts
  Lair:3: 1560 daAuts
     D:8: 1522 daAuts
